 Dungeon Crawl Stone Soup version 0.18.1-8-gdd0e5ea (webtiles) character file.

140799 pipel the Earth Mage (level 17, -5/94 HPs)
             Began as a Gargoyle Earth Elementalist on May 22, 2016.
             Was the Champion of Cheibriados.
             Killed by miscasting Iron Shot (32 damage)
             ... on level 1 of the Shoals on May 23, 2016.
             The game lasted 02:36:38 (31095 turns).

pipel the Earth Mage (Gargoyle Earth Elementalist) Turns: 31095, Time: 02:36:38

Health: -5/94      AC: 32    Str: 30    XL:     17   Next: 31%
Magic:  8/32       EV: 16    Int: 33    God:    Cheibriados [******]
Gold:   2412       SH: 14    Dex: 25    Spells: 10 memorised, 7 levels left

rFire  + . .     SeeInvis +     a - +2 morningstar (freeze)
rCold  + . .     Gourm    .     G - +2 scale mail {rF+}
rNeg   + . .     Faith    .     h - +0 shield
rPois  ∞         Spirit   .     c - +0 hat
rElec  +         Dismiss  .     A - +1 cloak
rCorr  .         Reflect  +     U - +2 pair of gloves {rC+}
SustAt .         Harm     .     O - +0 pair of boots
MR     ++...     Clarity  +     q - +4 amulet of reflection
Stlth  ++........               Z - ring of see invisible
                                D - ring of protection from magic

@: very slightly contaminated, studying Ice Magic, repel missiles, very slow,
very resistant to hostile enchantments, unstealthy
A: big wings, beak, berserk 1, clarity, dopey 1, low mp 1, negative energy
resistance 1, shaggy fur 1, electricity resistance, unbreathing, petrification
resistance, rot immunity, AC +12
a: Fly, Bend Time, Temporal Distortion, Slouch, Step From Time, Renounce
Religion


You were on level 1 of the Shoals.
You worshipped Cheibriados.
Cheibriados was exalted by your worship.
You were very hungry.

You visited 6 branches of the dungeon, and saw 29 of its levels.
You also visited: Labyrinth and Ice Cave.

You collected 3018 gold pieces.
You spent 606 gold pieces at shops.

Inventory:

Hand Weapons
 a - a +2 morningstar of freezing (weapon)
Missiles
 p - 521 stones (quivered)
Armour
 c - a +0 hat (worn)
 h - a +0 shield (worn)
 A - a +1 cloak (worn)
 G - a +2 scale mail of fire resistance (worn)
 O - a +0 pair of boots (worn)
 U - a +2 pair of gloves of cold resistance (worn)
Magical Staves
 b - an uncursed staff of power
 w - an uncursed staff of wizardry
 X - an uncursed staff of cold
Jewellery
 e - an uncursed ring of protection from fire
 q - a +4 amulet of reflection (around neck)
 u - an uncursed ring of resist corrosion
 D - a ring of protection from magic (left hand)
 E - an uncursed ring of protection from cold
 Z - a ring of see invisible (right hand)
Wands
 j - a wand of teleportation (4/9)
 n - a wand of acid (10/15)
 v - a wand of disintegration (10/24)
 K - a wand of heal wounds (6/9)
 L - a wand of teleportation (5/9)
 P - a wand of digging (14/24)
 V - a wand of digging (18/24)
 W - a wand of iceblast (7/15)
Scrolls
 f - 8 scrolls of identify
 g - 3 scrolls of remove curse
 l - 6 scrolls of immolation
 r - 2 scrolls of enchant armour
 s - 5 scrolls of recharging
 t - 3 scrolls of magic mapping
 y - 2 scrolls of teleportation
 B - 5 scrolls of enchant weapon
 J - 2 scrolls of blinking
 M - a scroll of amnesia
 S - 2 scrolls of fog
Potions
 i - a potion of cancellation
 x - a potion of resistance
 C - a potion of magic
 I - a potion of agility
 N - a potion of brilliance
 Q - 4 potions of might
 R - a potion of invisibility
 Y - 4 potions of curing
Books
 F - a manual of Ice Magic
Miscellaneous
 z - a lamp of fire
Comestibles
 d - 12 bread rations
 k - 8 beef jerkies
 m - 11 meat rations
 o - 32 fruits
 T - 4 slices of pizza


   Skills:
 - Level 6.5 Fighting
 - Level 4.7 Maces & Flails
 - Level 0.3 Throwing
 - Level 12.0 Armour
 + Level 8.8 Dodging
 - Level 2.4 Stealth
 - Level 15.0 Spellcasting
 - Level 7.5 Conjurations
 - Level 1.0 Transmutations
 - Level 11.3 Ice Magic
 - Level 2.4 Air Magic
 - Level 17.1 Earth Magic
 - Level 8.6 Invocations
 - Level 1.0 Evocations


You had 7 spell levels left.
You knew the following spells:

 Your Spells              Type           Power        Failure   Level  Hunger
a - Freezing Cloud        Conj/Ice/Air   ######....   99%         6    ##.....
b - Deflect Missiles      Chrm/Air       ####......   100%        6    ##.....
c - Blink                 Tloc           N/A          34%         2    None
d - Lee's Rapid Deconstr  Erth           #######...   1%          5    None
e - Repel Missiles        Chrm/Air       ####..       24%         2    None
i - Iron Shot             Conj/Erth      #######...   21%         6    ##.....
m - Bolt of Magma         Conj/Fire/Erth ######....   24%         5    None
p - Petrify               Trmt/Erth      ######..     6%          4    None
s - Sandblast             Erth           ######       1%          1    None
P - Passwall              Trmt/Erth      ######....   1%          2    None


Dungeon Overview and Level Annotations

Branches:
Dungeon (15/15)            Temple (0/1) D:7            Lair (8/8) D:9
 Shoals (2/4) Lair:5       Spider (1/4) Lair:6        Slime (0/6) Lair:8
    Orc (2/2) D:11            Elf (0/3) Orc:2        Vaults (0/5) D:14
 Depths (1/5) D:15

Altars:
Cheibriados
Fedhas
Nemelex Xobeh
Pakellas
Qazlal
Trog
The Shining One
Beogh
Jiyva

Shops:
D:8 (   D:10 (   D:12 %   D:13 %   Orc:1 *   Orc:2 !(!:   Shoals:1 (?:

Portals:
Pandemonium: Orc:2

Annotations:
D:2 exclusion: downstairs
D:3 epen's ghost, amateur TrFi


Innate Abilities, Weirdness & Mutations

You are resistant to torment.
Your stone body is resilient (AC +12).
You are immune to poison.
Your large and strong wings let you fly indefinitely.
You resist negative energy.
You are resistant to electric shocks.
You can survive without breathing.
You are immune to petrification.
You are immune to rotting.
You have a beak for a mouth.
You tend to lose your temper in combat.
You possess an exceptional clarity of mind.
You are dopey. (Int -2)
Your magical capacity is low (-10% MP).
You are covered in fur (AC +1).


Message History

You hear a distant rumble.
The catoblepas closely misses you.
You now have 19/32 mp.
Casting: Iron Shot
Confirm with . or Enter, or press ? or * to list all spells.
Aiming: Iron Shot
Press: ? - help, Shift-Dir - straight line, f/p - catoblepas
Aim: a catoblepas The iron shot hits the catoblepas.
The catoblepas is severely wounded.
The catoblepas barely misses you.
You now have 14/32 mp.
Casting: Iron Shot
Confirm with . or Enter, or press ? or * to list all spells.
Aiming: Iron Shot
Press: ? - help, Shift-Dir - straight line, f/p - catoblepas
Aim: a catoblepas (severely wounded)
You miscast Iron Shot.
You are blasted with magical energy!
You die...

≈≈..♣.......≈≈≈≈≈≈≈≈≈≈≈≈≈≈≈≈.....
≈....)......≈≈≈≈≈≈≈≈≈≈≈≈≈≈≈......
............≈≈≈≈≈≈≈≈≈≈≈≈≈≈.......
...........≈≈≈≈≈≈≈≈≈≈≈≈≈≈≈.....≈.
...........≈≈≈≈≈≈≈≈≈≈≈≈≈≈≈.....≈≈
............≈≈≈≈≈≈≈≈≈≈≈≈≈∩.....≈.
........≈......≈≈...≈≈≈≈≈≈.......
.##..........<..........≈........
......≈≈≈....###@..≈.............
...≈.≈≈≈≈..≈.###.Y#.....≈........
≈≈≈≈≈≈≈≈≈..≈..).).#....≈≈≈.......
≈≈≈≈≈≈≈≈≈.....).......≈...≈≈≈....
≈≈≈≈≈≈≈≈≈...........≈≈.≈≈≈≈≈....≈
≈≈≈≈≈≈≈≈≈≈≈≈.........≈≈≈≈≈≈≈≈..≈.
≈≈≈≈≈≈≈≈≈≈≈≈.....≈....≈≈≈≈≈≈≈≈.≈≈
≈≈≈≈≈....≈≈≈.....≈.....≈≈≈≈≈[....
≈≈...≈....≈≈.P≈..≈≈....≈≈≈.......


You could see a catoblepas.

Vanquished Creatures
  Rupert (D:15)
  An acid blob (Lair:8)
  Gastronok (Orc:1)
  A sphinx (Depths:1)
  Roxanne (Shoals:1)
  Maud (Lair:3)
  2 orc warlords (Orc:2)
  Azrael (D:14)
  The ghost of BulkMonkey the Severer, a journeyman DDCK of Makhleb (Lair:5)
  A merfolk javelineer (Shoals:2)
  A minotaur (Lab)
  Josephine (D:10)
  A yaktaur captain (D:15)
  6 hydras
  Erica (D:9)
  4 centaur warriors
  The ghost of Mefis the Thaumaturge, a journeyman DEWz of Sif Muna (D:11)
  A tengu warrior (Depths:1)
  A dancing weapon (Orc:2)
  A merfolk avatar (Shoals:1)
  7 orc high priests
  The ghost of kak the Grappler, a novice TrHu of Pakellas (D:10)
  Urug (D:10)
  Nergalle (Lair:3)
  10 death yaks (Lair:7)
  A soul eater (Orc:2)
  4 sea snakes (Shoals:1)
  4 unseen horrors
  9 hill giants
  3 putrid demonspawn (Orc:2)
  A necromancer (IceCv)
  6 orc knights
  3 orb spiders (Spider:1)
  3 griffons
  Pikel (D:9)
  4 manticores
  10 orc sorcerers
  An ugly thing (D:13)
  4 wolf spiders
  2 cyclopes
  A sixfirhy (Orc:2)
  5 fauns (Shoals:1)
  The ghost of ThereIsNoGod the Covert, a novice OpAs of Pakellas (D:6)
  A moth of wrath (Spider:1)
  A manticore (shapeshifter) (D:14)
  10 elephants
  Joseph (D:8)
  3 centaur zombies (D:15)
  3 sirens
  A guardian serpent (D:10)
  A black mamba (Lair:6)
  A black mamba (shapeshifter) (Depths:1)
  A rust devil (Orc:2)
  14 spiny frogs
  2 water nymphs
  2 gargoyles
  A torpor snail (Lair:6)
  An ice statue (IceCv)
  7 komodo dragons
  2 kobold demonologists (D:12)
  A yaktaur (D:15)
  5 centaur skeletons
  2 rime drakes
  4 demonic crawlers
  12 freezing wraiths
  A red devil (Orc:2)
  14 trolls
  2 spriggan druids (Lair:8)
  A tengu conjurer (Depths:1)
  A wolf spider simulacrum (D:14)
  Grinder (D:5)
  10 polar bears
  4 jumping spiders
  A blink frog (shapeshifter) (D:14)
  A snapping turtle (Shoals:1)
  8 blink frogs
  3 two-headed ogres
  A hornet zombie (D:15)
  29 redbacks
  13 spriggans
  5 wyverns
  6 wraiths
  3 tarantellas (Spider:1)
  30 yaks
  2 fire elementals (D:14)
  2 hungry ghosts
  A basilisk (Lair:4)
  2 neqoxecs (Orc:2)
  14 hippogriffs
  3 vampire mosquitoes (D:14)
  A death yak simulacrum (IceCv)
  A steam dragon (D:5)
  2 wargs (Orc:1)
  3 mottled dragons
  A soldier ant (D:14)
  4 hell hounds (D:14)
  6 water moccasins
  7 porcupines
  A swamp drake (D:11)
  A black bear (shapeshifter) (D:15)
  9 ice beasts
  An alligator simulacrum (IceCv)
  56 orc warriors
  10 sky beasts
  3 eyes of draining
  A phantom (D:9)
  An ogre (shapeshifter) (D:14)
  16 black bears
  5 wasps
  A necrophage (D:9)
  26 wolves
  10 centaurs
  3 ogres
  11 crocodiles
  9 big kobolds
  16 giant frogs
  6 scorpions
  17 killer bees
  A swamp dragon simulacrum (IceCv)
  13 wights
  8 howler monkeys
  2 electric eels (Lair:4)
  10 crimson imps
  2 quasits
  2 draconian simulacra (IceCv)
  A wasp zombie (D:7)
  13 hounds
  7 jellies
  A giant frog zombie (D:10)
  39 orc priests
  Crazy Yiuf (D:7)
  A giant frog skeleton (D:7)
  13 iguanas
  Terence (D:3)
  11 worker ants
  33 orc wizards
  A polar bear simulacrum (IceCv)
  6 troll simulacra (IceCv)
  A spriggan simulacrum (IceCv)
  6 sheep (Lair:7)
  2 centaur simulacra (IceCv)
  A hound skeleton (D:8)
  Robin (D:3)
  4 gnolls (D:9)
  3 ogre simulacra (IceCv)
  10 adders
  38 river rats
  6 naga simulacra (IceCv)
  3 shadow imps
  24 white imps
  An ooze (D:1)
  An adder skeleton (D:4)
  3 worms
  A dart slug (D:1)
  3 giant geckos
  123 orcs
  9 bats
  7 giant cockroaches
  9 goblins
  7 hobgoblins
  16 jackals
  9 quokkas
  A ball python (D:1)
  A giant gecko skeleton (D:7)
  5 giant newts
  A jackal skeleton (D:5)
  18 kobolds
  A quokka skeleton (D:8)
  A quokka zombie (D:6)
  8 rats
  4 fungi
  4 plants
1072 creatures vanquished.

Vanquished Creatures (collateral kills)
  An orc warrior (Orc:2)
  A sheep (Lair:7)
  2 orcs (Orc:2)
4 creatures vanquished.

Vanquished Creatures (others)
  Aizul (Shoals:1)
  Nessos (D:15)
  2 merfolk (Shoals:2)
  A redback (Spider:1)
  4 slaves (D:9)
  A killer bee (D:9)
  An adder (D:9)
  An orc (D:9)
  54 fungi
  9 plants
75 creatures vanquished.

Grand Total: 1151 creatures vanquished

Notes
Turn   | Place    | Note
--------------------------------------------------------------
     0 | D:1      | pipel the Gargoyle Earth Elementalist began the quest for the Orb.
     0 | D:1      | Reached XP level 1. HP: 10/10 MP: 3/3
   312 | D:1      | Reached XP level 2. HP: 5/15 MP: 3/5
   433 | D:1      | Found a glowing golden altar of the Shining One.
   737 | D:1      | Reached skill level 4 in Earth Magic
   890 | D:1      | Reached XP level 3. HP: 15/20 MP: 2/6
   895 | D:1      | Learned a level 3 spell: Stone Arrow
  1916 | D:2      | Reached XP level 4. HP: 17/24 MP: 7/7
  1958 | D:3      | Noticed Terence
  1964 | D:3      | Killed Terence
  1964 | D:3      | Reached skill level 1 in Fighting
  2032 | D:3      | Noticed epen's ghost (amateur TrFi)
  2474 | D:3      | Noticed Robin
  2481 | D:3      | Killed Robin
  2552 | D:3      | Reached XP level 5. HP: 10/29 MP: 6/9
  2780 | D:4      | Reached skill level 1 in Maces & Flails
  2786 | D:4      | Reached skill level 5 in Earth Magic
  2786 | D:4      | Reached XP level 6. HP: 15/35 MP: 4/10
  2831 | D:4      | Found a stormy altar of Qazlal.
  3074 | D:4      | Found a snail-covered altar of Cheibriados.
  3084 | D:4      | Found a sparkling altar of Nemelex Xobeh.
  3425 | D:5      | Entered Level 5 of the Dungeon
  3583 | D:5      | Noticed Grinder
  3586 | D:5      | Noticed a steam dragon
  3591 | D:5      | Paralysed by Grinder for 4 turns
  3622 | D:4      | Became a worshipper of Cheibriados the Contemplative
  3890 | D:5      | Killed Grinder
  3890 | D:5      | Reached XP level 7. HP: 23/40 MP: 4/13
  4048 | D:5      | Killed a steam dragon
  4048 | D:5      | Reached skill level 6 in Earth Magic
  4159 | D:5      | Noticed a yak
  4160 | D:5      | Noticed a yak
  4160 | D:5      | Noticed a yak
  4177 | D:5      | Killed a yak
  4177 | D:5      | Reached XP level 8. HP: 44/44 MP: 7/15
  4179 | D:5      | Noticed a yak
  4182 | D:5      | Killed a yak
  4182 | D:5      | Reached skill level 5 in Spellcasting
  4182 | D:5      | Reached skill level 7 in Earth Magic
  4194 | D:5      | Killed a yak
  4194 | D:5      | Reached skill level 1 in Armour
  4490 | D:5      | Killed a yak
  4770 | D:6      | Reached * piety under Cheibriados
  4840 | D:6      | Reached XP level 9. HP: 30/49 MP: 15/18
  4870 | D:6      | Reached skill level 8 in Earth Magic
  4996 | D:6      | Noticed ThereIsNoGod's ghost (novice OpAs)
  5013 | D:6      | Killed ThereIsNoGod's ghost
  5020 | D:6      | Learned a level 5 spell: Lee's Rapid Deconstruction
  5086 | D:6      | Gained mutation: You are robust (+10% HP). [mutagenic meat]
  5087 | D:6      | Gained mutation: You tend to lose your temper in combat. [mutagenic meat]
  5088 | D:6      | Gained mutation: You have a beak for a mouth. [mutagenic meat]
  5089 | D:6      | Gained mutation: Your magical capacity is low (-10% MP). [mutagenic meat]
  5541 | D:7      | Reached ** piety under Cheibriados
  5574 | D:7      | Found a staircase to the Ecumenical Temple.
  5625 | D:7      | Noticed Crazy Yiuf
  5626 | D:7      | Killed Crazy Yiuf
  5914 | D:7      | Reached skill level 9 in Earth Magic
  6023 | D:7      | Got a brightly glowing robe
  6181 | D:7      | Reached *** piety under Cheibriados
  6226 | D:7      | Reached XP level 10. HP: 61/61 MP: 11/19
  6481 | D:8      | Noticed Joseph
  6487 | D:8      | Killed Joseph
  6487 | D:8      | Reached skill level 5 in Armour
  6590 | D:8      | Found a huge runed gate.
  6590 | D:8      | Found a huge runed gate.
  6590 | D:8      | Found a huge runed gate.
  6590 | D:8      | Found a huge runed gate.
  6590 | D:8      | Noticed a griffon
  6591 | D:8      | Noticed a griffon
  6673 | D:8      | Found Konoll's Weapon Shop.
  6725 | D:8      | Reached skill level 10 in Earth Magic
  6829 | D:8      | Reached **** piety under Cheibriados
  7102 | D:8      | Killed a griffon
  7117 | D:8      | Killed a griffon
  7131 | D:8      | HP: 2/61 [polar bear (5)]
  7132 | D:8      | Reached skill level 11 in Earth Magic
  7303 | D:8      | Reached XP level 11. HP: 45/66 MP: 14/21
  7332 | D:8      | Learned a level 2 spell: Passwall
  7377 | D:9      | Reached ***** piety under Cheibriados
  7426 | D:9      | Lost mutation: You are robust (+10% HP). [mutagenic meat]
  7427 | D:9      | Gained mutation: You are covered in fur (AC +1). [mutagenic meat]
  7429 | D:9      | Gained mutation: You possess an exceptional clarity of mind. [mutagenic meat]
  7572 | D:9      | Noticed Pikel
  7580 | D:9      | Killed Pikel
  7613 | D:9      | Reached skill level 10 in Spellcasting
  7618 | D:9      | Noticed Erica
  7775 | D:9      | Killed Erica
  7929 | D:9      | Identified the cursed +1 robe "Ugge" {*Corrode Regen+ Int+2} (You found it on level 7 of the Dungeon)
  8008 | D:9      | Found a staircase to the Lair.
  8168 | D:10     | Entered Level 10 of the Dungeon
  8251 | D:10     | Noticed kak's ghost (novice TrHu)
  8280 | D:10     | Killed kak's ghost
  8329 | D:10     | Reached skill level 12 in Earth Magic
  8452 | D:10     | Found Buademus's Antique Weapon Boutique.
  8514 | D:10     | Killed an unseen horror
  8514 | D:10     | Reached ****** piety under Cheibriados
  8571 | D:10     | Noticed Urug
  8608 | D:10     | Killed Urug
  8667 | D:10     | Noticed Josephine
  8668 | D:10     | Reached XP level 12. HP: 67/67 MP: 13/24
  8669 | D:10     | Killed Josephine
  8794 | D:10     | Identified a scroll of acquirement
  8974 | Lair:1   | Entered Level 1 of the Lair of Beasts
  8990 | Lair:1   | Reached skill level 1 in Invocations
  9155 | Lair:1   | Noticed a spriggan rider
  9182 | Lair:1   | Reached skill level 13 in Earth Magic
 10173 | Lair:2   | Reached skill level 1 in Conjurations
 10486 | Lair:2   | Learned a level 6 spell: Iron Shot
 10592 | Lair:3   | Noticed Nergalle
 10609 | Lair:3   | Killed Nergalle
 10634 | Lair:3   | Noticed Maud
 10647 | Lair:3   | Killed Maud
 11705 | Lair:4   | Noticed a five-headed hydra
 11709 | Lair:4   | Reached XP level 13. HP: 72/72 MP: 19/26
 11935 | Lair:4   | Identified the Incunabulum of Freezing Transmutation (You acquired it on level 4 of the Lair of Beasts)
 11941 | Lair:4   | Learned a level 4 spell: Petrify
 12111 | Lair:4   | Reached skill level 5 in Fighting
 12293 | Lair:5   | Noticed BulkMonkey's ghost (journeyman DDCK)
 12444 | Lair:5   | Found a frozen archway.
 12466 | IceCv    | Entered an ice cave
 12652 | IceCv    | Learned a level 5 spell: Bolt of Magma
 12658 | IceCv    | Reached skill level 14 in Earth Magic
 13654 | IceCv    | Learned a level 6 spell: Freezing Cloud
 13702 | IceCv    | Found an ancient bone altar of Kikubaaqudgha.
 13929 | Lair:5   | Reached skill level 1 in Ice Magic
 13930 | Lair:5   | Reached skill level 1 in Transmutations
 13930 | Lair:5   | Reached skill level 5 in Invocations
 14016 | Lair:5   | Found a staircase to the Shoals.
 14042 | Lair:5   | Reached skill level 5 in Conjurations
 14314 | Lair:6   | Found a labyrinth entrance.
 14330 | Lab      | Entered a labyrinth
 14381 | Lab      | Noticed a minotaur
 14389 | Lab      | Killed a minotaur
 14396 | Lab      | Got an ichor-stained whip
 14423 | Lab      | Identified a +0 rod of shadows (13/13) (You found it in a labyrinth)
 14425 | Lab      | Identified the cursed +1 whip of Fate {elec, rPois Str+3 Stlth-} (You found it in a labyrinth)
 14711 | Lair:6   | Found a hole to the Spider Nest.
 14842 | Lair:6   | Got a dazzling war axe
 14844 | Lair:6   | Identified the +6 war axe "Gior" {freeze, Fragile rF+ Str+2} (You found it on level 6 of the Lair of Beasts)
 15437 | Lair:7   | Gained mutation: Your large and strong wings let you fly indefinitely. [Gargoyle growth]
 15437 | Lair:7   | Reached XP level 14. HP: 63/78 MP: 7/27
 15927 | Lair:8   | Entered Level 8 of the Lair of Beasts
 15944 | Lair:8   | Found a runed door.
 15945 | Lair:8   | Found a viscous altar of Jiyva.
 15946 | Lair:8   | Noticed an acid blob
 16117 | Lair:8   | Reached skill level 5 in Ice Magic
 16455 | Lair:8   | Reached skill level 15 in Earth Magic
 17027 | Lair:8   | Found a staircase to the Slime Pits.
 17035 | Lair:8   | Killed an acid blob
 17837 | D:11     | Noticed Mefis's ghost (journeyman DEWz)
 17845 | D:11     | Killed Mefis's ghost
 17929 | D:11     | Found a staircase to the Orcish Mines.
 17939 | D:11     | Reached skill level 10 in Armour
 18174 | Orc:1    | Entered Level 1 of the Orcish Mines
 18538 | Orc:1    | Found Unib's Assorted Antiques.
 18644 | Orc:2    | Entered Level 2 of the Orcish Mines
 18651 | Orc:2    | Found a bloodstained altar of Trog.
 18652 | Orc:2    | Noticed an orc warlord
 18665 | Orc:2    | Killed an orc warlord
 18999 | Orc:2    | Reached XP level 15. HP: 40/84 MP: 16/29
 19478 | Orc:2    | Found a staircase to the Elven Halls.
 19541 | Orc:2    | Noticed an orc warlord
 19554 | Orc:2    | Killed an orc warlord
 19593 | Orc:2    | Learned a level 6 spell: Deflect Missiles
 20123 | Orc:2    | Found Vaom's Distillery.
 20250 | Orc:2    | Found Qebizece's Distillery.
 20494 | Orc:2    | Bought a potion of magic for 112 gold pieces
 21273 | Orc:2    | Found a one-way gate leading to the halls of Pandemonium.
 21273 | Orc:2    | Found Evos Qoji's Book Shop.
 21413 | Orc:2    | Found Egyvi Sioma's Antique Weapon Boutique.
 21515 | Orc:2    | Reached skill level 16 in Earth Magic
 22255 | Orc:1    | Noticed Gastronok
 22280 | Orc:1    | Killed Gastronok
 22476 | Orc:1    | Reached skill level 1 in Evocations
 22684 | Orc:1    | Found a roughly hewn altar of Beogh.
 23296 | D:12     | Found Vogg's Food Shop.
 23467 | D:12     | Found an oddly glowing altar of Pakellas.
 23577 | D:12     | Found a blossoming altar of Fedhas.
 23591 | D:12     | Got a polished spear
 23592 | D:12     | Identified the cursed +0 spear "Zoarph" {flame, Int+2} (You found it on level 12 of the Dungeon)
 24196 | D:13     | Found Nunt's Food Boutique.
 24221 | D:13     | Reached XP level 16. HP: 63/88 MP: 19/30
 24884 | D:14     | Reached skill level 10 in Ice Magic
 25126 | D:14     | Gained mutation: You are dopey. (Int -2) [a shining eye]
 25304 | D:14     | Found a gate to the Vaults.
 25327 | D:14     | Got a sparkling steel ring
 25328 | D:14     | Identified the ring of Futz {+Fly rElec Int-4 Dex+8 Stlth+} (You found it on level 14 of the Dungeon)
 25719 | D:14     | Reached skill level 1 in Air Magic
 25991 | D:14     | Reached skill level 17 in Earth Magic
 25998 | D:14     | Noticed Azrael
 26002 | D:14     | Killed Azrael
 26392 | Lair:5   | Killed BulkMonkey's ghost
 27631 | D:15     | Entered Level 15 of the Dungeon
 27726 | D:15     | Noticed Rupert
 27736 | D:15     | Killed Rupert
 27915 | D:15     | Noticed Nessos
 27917 | D:15     | Killed Nessos
 28230 | D:15     | Reached skill level 15 in Spellcasting
 28824 | D:15     | Found a staircase to the Depths.
 28836 | Depths:1 | Entered Level 1 of the Depths
 28872 | Depths:1 | Noticed a sphinx
 28877 | Depths:1 | Killed a sphinx
 28877 | Depths:1 | Reached skill level 5 in Dodging
 29250 | Spider:1 | Entered Level 1 of the Spider Nest
 29723 | Spider:1 | Reached XP level 17. HP: 94/94 MP: 32/32
 30176 | Shoals:1 | Entered Level 1 of the Shoals
 30242 | Shoals:1 | Noticed Aizul
 30256 | Shoals:1 | Killed Aizul
 30363 | Shoals:1 | Noticed Roxanne
 30367 | Shoals:1 | Killed Roxanne
 30378 | Shoals:1 | Identified Roxanne's Disquisition on Transmigration (You took it off Roxanne on level 1 of the Shoals)
 30389 | Shoals:1 | Found Ytuwn's Book Shoppe.
 30404 | Shoals:1 | Bought a book of Minor Magic for 380 gold pieces
 30407 | Shoals:1 | Learned a level 2 spell: Blink
 30410 | Shoals:1 | Learned a level 2 spell: Repel Missiles
 30566 | Shoals:1 | Found Jusoppou's Weapon Emporium.
 30913 | Shoals:1 | Found Xiduyrgh's Magic Scroll Boutique.
 30921 | Shoals:1 | Bought a scroll of fog for 24 gold pieces
 30921 | Shoals:1 | Bought a scroll of blinking for 90 gold pieces
 31095 | Shoals:1 | Killed by miscasting Iron Shot

Skill      XL: |  1  2  3  4  5  6  7  8  9 10 11 12 13 14 15 16 17 |
---------------+----------------------------------------------------+-----
Earth Magic    | 4 5 6 7 9 11 12 13 14 15 16 17 | 17.1
Dodging        | 2 3 4 6 8 |  8.8
Fighting       | 1 2 3 4 5 6 |  6.5
Maces & Flails | 1 2 3 4 |  4.7
Spellcasting   | 3 4 6 7 9 10 11 12 13 14 15 | 15.0
Armour         | 2 4 6 8 9 10 11 12 | 12.0
Invocations    | 4 5 7 8 |  8.6
Conjurations   | 3 5 7 |  7.5
Ice Magic      | 4 7 9 11 | 11.3
Transmutations | 1 |  1.0
Evocations     | 1 |  1.0
Air Magic      | 2 |  2.4
Throwing       | |  0.3
Stealth        | |  2.4

Action                   |  1- 3 |  4- 6 |  7- 9 | 10-12 | 13-15 | 16-18 || total
-------------------------+-------+-------+-------+-------+-------+-------++-------
Melee: Mace              |   101 |    98 |   217 |   226 |       |       ||   642
       Peck              |       |       |    28 |    88 |   260 |   108 ||   484
       Morningstar       |       |       |       |    61 |   742 |   288 ||  1091
       Staff             |       |       |       |       |    16 |    14 ||    30
Throw: Stone             |       |       |     3 |     2 |     8 |       ||    13
 Cast: Sandblast         |    35 |    67 |    73 |   180 |   136 |     8 ||   499
       Lee's Rapid Decon |       |       |     9 |    78 |   243 |   124 ||   454
       Stone Arrow       |       |       |       |     9 |       |       ||     9
       Passwall          |       |       |       |     1 |     6 |       ||     7
       Petrify           |       |       |       |       |    40 |     8 ||    48
       Bolt of Magma     |       |       |       |       |    12 |     2 ||    14
       Iron Shot         |       |       |       |       |    20 |    71 ||    91
       Freezing Cloud    |       |       |       |       |     2 |     6 ||     8
       Repel Missiles    |       |       |       |       |       |     1 ||     1
Invok: Bend Time         |       |       |       |       |     1 |       ||     1
 Abil: Fly               |       |       |       |       |     1 |       ||     1
       Stop Flying       |       |       |       |       |       |     1 ||     1
Evoke: Wand              |       |       |     1 |     5 |    10 |     1 ||    17
       Lamp of fire      |       |       |       |       |     2 |     1 ||     3
  Use: Scroll            |       |     3 |     8 |     8 |    15 |    13 ||    47
       Potion            |       |       |     1 |     3 |     5 |     2 ||    11
 Stab: Sleeping          |     2 |     3 |       |     6 |       |       ||    11
       Distracted        |       |       |       |       |     3 |       ||     3
       Petrified         |       |       |       |       |     4 |       ||     4
       Petrifying        |       |       |       |       |       |     1 ||     1
  Eat: Chunk             |     3 |     6 |     9 |    20 |    16 |     7 ||    61
       Bread ration      |       |     1 |       |       |     1 |     2 ||     4
       Pizza             |       |       |       |       |     2 |       ||     2
       Fruit             |       |       |       |       |       |     1 ||     1
Armor: Robe              |    44 |    72 |    26 |   106 |    74 |       ||   322
       Ring mail         |       |       |   154 |   163 |       |       ||   317
       Scale mail        |       |       |       |       |   735 |   408 ||  1143
Dodge: Dodged            |   117 |   137 |   279 |   548 |  1005 |   392 ||  2478
       Deflected         |       |       |       |       |       |     1 ||     1
Block: Other             |       |       |       |       |   123 |    59 ||   182
       Reflection        |       |       |       |       |     3 |     9 ||    12
       Shield            |       |       |       |       |       |   215 ||   215
